 Dungeon Crawl Stone Soup version 0.24-a0-250-g6074511 (webtiles) character file.

Game seed: 11428056047149201437

130 Ijustatesigmund the Chopper (level 5, -14/37 HPs)
             Began as an Octopode Fighter on Apr 15, 2019.
             Engulfed by an orc wizard's steam (16 damage)
             ... on level 3 of the Dungeon.
             The game lasted 00:04:29 (2135 turns).

Ijustatesigmund the Chopper (Octopode Fighter)      Turns: 2135, Time: 00:04:30

Health: -14/37     AC:  1    Str: 21    XL:     5   Next: 14%
Magic:  5/5        EV: 11    Int: 10    God:
Gold:   173        SH:  9    Dex: 12    Spells: 4/4 levels left

rFire    . . .     SeeInvis .   a - +0 war axe
rCold    . . .     Gourm    .   b - +0 shield
rNeg     . . .     Faith    .   (helmet restricted)
rPois    +         Spirit   .   (no amulet)
rElec    .         Reflect  .   g - ring of resist corrosion
rCorr    +         Harm     .   k - ring of poison resistance
MR       +....                  (no ring)
Stlth    +++.......             (no ring)
HPRegen  0.12/turn              (no ring)
MPRegen  0.09/turn              (no ring)
                                (no ring)
                                (no ring)

@: mighty
A: almost no armour, stealthy swim, amphibious, 8 rings, constrict 8, camouflage
1, magic resistance 1, poison resistance, gelatinous body 1
a: no special abilities


You were on level 3 of the Dungeon.
You were hungry.

You visited 1 branch of the dungeon, and saw 3 of its levels.

You collected 173 gold pieces.

Inventory:

Hand Weapons
 a - a +0 war axe (weapon)
Armour
 b - a +0 shield (worn)
Jewellery
 g - a ring of resist corrosion (left tentacle)
 k - a ring of poison resistance (right tentacle)
Wands
 l - a wand of acid (6)
Scrolls
 e - a scroll of enchant weapon {unknown}
 f - a scroll of remove curse
 h - a scroll of teleportation
Potions
 c - a potion of might
 i - a potion of degeneration {unknown}
 j - a potion of mutation
Comestibles
 d - 4 rations


   Skills:
 + Level 4.0 Fighting
 * Level 4.3 Axes
 - Level 3.0 Dodging
 - Level 3.0 Shields


You had 4 spell levels left.
You didn't know any spells.
Your spell library contained the following spells:

 Spells                   Type           Power        Failure   Level  Hunger
 Magic Dart               Conj           #...         87%         1    ##.....
 Blink                    Tloc           N/A          95%         2    ###....
 Call Imp                 Summ           #.......     95%         2    ###....
 Slow                     Hex            #.......     95%         2    ###....
 Conjure Flame            Conj/Fire      #.......     99%         3    ####...
 Mephitic Cloud           Conj/Pois/Air  #.......     99%         3    ####...


Dungeon Overview and Level Annotations

Branches:
Dungeon (3/15)

Altars:
Sif Muna
Xom


Innate Abilities, Weirdness & Mutations

You cannot wear most types of armour.
You are very stealthy in the water. (Stealth+)
You are amphibious.
You can wear up to eight rings at the same time.
You can use your tentacles to constrict eight enemies at once.
Your skin changes colour to match your surroundings (Stealth+).
Your rubbery body absorbs attacks. (AC +1, EV +1)
You are resistant to hostile enchantments. (MR+)
Your system is resistant to poisons. (rPois)


Message History

The orc wizard flickers and vanishes!
Deactivating autopickup; reactivate with Ctrl-A.
The orc wizard barely misses you. Something hits you.
You are too injured to fight recklessly!
Unknown command.
You feel very mighty all of a sudden.
You are engulfed in a cloud of scalding steam.
* * * LOW HITPOINT WARNING * * *
You constrict the orc wizard.
The orc wizard hits you but does no damage.
Something hits you.
* * * LOW HITPOINT WARNING * * *
You slash the orc wizard!
You kill the orc wizard!
Your Fighting skill increases to level 4!
You have reached level 5!
You feel stronger.
You completely miss something.
You are engulfed in a cloud of scalding steam.
You die...

#.#.#
###.##
##...##
#.._..#
#.8.8.#
###'###
#...#
#...#
#≈@≈#
#.>{#
#####


There were no monsters in sight!

Vanquished Creatures
  An orc wizard (D:3)
  Jessica (D:3)
  An ooze (D:3)
  2 worms (D:2)
  2 dart slugs (D:2)
  2 leopard geckos
  8 bats
  4 giant cockroaches
  6 goblins
  8 hobgoblins
  5 jackals
  3 frilled lizards
  9 kobolds
  6 rats
58 creatures vanquished.

Notes
Turn   | Place    | Note
-------+----------+-------------------------------------------
     0 | D:1      | Ijustatesigmund the Octopode Fighter began the quest for
                  | the Orb.
     0 | D:1      | Reached XP level 1. HP: 16/16 MP: 1/1
   437 | D:1      | Reached XP level 2. HP: 21/21 MP: 2/2
   609 | D:1      | Gained mutation: Your system is resistant to poisons.
                  | (rPois) [potion of mutation]
   609 | D:1      | Gained mutation: You are resistant to hostile enchantments.
                  | (MR+) [potion of mutation]
  1295 | D:2      | Reached XP level 3. HP: 26/26 MP: 3/3
  1771 | D:2      | Reached XP level 4. HP: 32/32 MP: 4/4
  1999 | D:3      | Noticed Jessica
  2003 | D:3      | Killed Jessica
  2017 | D:3      | Found a shimmering altar of Xom.
  2112 | D:3      | Found a deep blue altar of Sif Muna.
  2134 | D:3      | HP: 1/33 [something (3)]
  2135 | D:3      | Reached XP level 5. HP: 2/37 MP: 5/5
  2135 | D:3      | Engulfed by an orc wizard's steam

Levels and vault maps discovered:
D:1:      lightli_iron_boxes, layout_loops_cross
D:2:      layout_rooms, first_ration, kennysheep_generic_room_10
D:3:      layout_loops_ring, lemuel_doored_altar, led_sif_book, uniq_jessica

Skill      XL: |  1  2  3  4 |
---------------+-------------+-----
Axes           | 3 4 |  4.3
Fighting       | 4 |  4.0
Dodging        | |  3.0
Shields        | |  3.0

Action                   |  1- 3 |  4- 6 || total
-------------------------+-------+-------++-------
Melee: War axe           |    73 |    30 ||   103
       Tentacles         |    10 |     4 ||    14
       Constrict         |    15 |     6 ||    21
  Use: Scroll            |     4 |       ||     4
       Potion            |     2 |     1 ||     3
 Stab: Sleeping          |     9 |       ||     9
  Eat: Chunk             |     2 |     1 ||     3
Armor: Skin              |    15 |     2 ||    17
Dodge: Dodged            |    44 |    13 ||    57
Block: Shield            |    35 |     7 ||    42

Table legend:
 A = Non-vault XP
 B = Vault XP
 C = Vault XP percentage of total XP
 D = Non-vault monster count
 E = Vault monster count
 F = Vault count percentage of total count
                 A         B        C        D         E       F
            +---------+---------+-------+---------+---------+-------
      Total |     109 |      78 |  41.7 |      55 |       3 |   5.2
            +---------+---------+-------+---------+---------+-------
        D:1 |      25 |       0 |   0.0 |      16 |       0 |   0.0
        D:2 |      65 |       1 |   1.5 |      30 |       1 |   3.2
        D:3 |      19 |      77 |  80.2 |       9 |       2 |  18.2
            +---------+---------+-------+---------+---------+-------
